 Dungeon Crawl Stone Soup version 0.28-a0-1435-g82390b3a13 (webtiles) character file.

Game seed: 12592375978820372136

39 oldriver the Skirmisher (level 3, -3/30 HPs)
             Began as a Demonspawn Chaos Knight on Jan 9, 2022.
             Was a Plaything of Xom.
             Slain by an adder (5 damage)
             ... on level 2 of the Dungeon.
             The game lasted 00:01:15 (845 turns).

oldriver the Skirmisher (Demonspawn Chaos Knight)    Turns: 845, Time: 00:01:15

Health: -3/30      AC:  5    Str: 14    XL:     3   Next: 28%
Magic:  3/3        EV: 10    Int: 13    God:    Xom [..*...]
Gold:   25         SH:  0    Dex: 12    Spells: 2/2 levels left

rFire   . . .      SeeInvis .   a - +0 spear (chaos)
rCold   + . .      Faith    .   (no shield)
rNeg    . . .      Spirit   .   c - +0 ring mail {rC+}
rPois   .          Reflect  .   (no helmet)
rElec   .          Harm     .   (no cloak)
rCorr   .          Rampage  .   (no gloves)
Will    .....                   (no boots)
Stlth   +.........              (no amulet)
HPRegen 0.10/turn               (no ring)
MPRegen 0.16/turn               (no ring)

@: lethally poisoned (-3 -> -9)
A: magic regeneration
a: Renounce Religion


You were on level 2 of the Dungeon.
You worshipped Xom.
You were a toy of Xom.
You visited 1 branch of the dungeon, and saw 2 of its levels.

You collected 25 gold pieces.

Inventory:

Hand Weapons
 a - a +0 spear of chaos (weapon)
Armour
 b - a +2 leather armour
 c - a +0 ring mail of cold resistance (worn)
Scrolls
 d - a scroll of enchant armour {unknown}
 f - a scroll of torment {unknown}
 g - a scroll of noise {unknown}


   Skills:
 * Level 3.8 Fighting
 + Level 3.0 Polearms
 - Level 1.7 Armour
 + Level 1.5 Dodging


You had 2 spell levels left.
You didn't know any spells.
Your spell library was empty.

Dungeon Overview and Level Annotations

Branches:
Dungeon (2/15)

Altars:


Innate Abilities, Weirdness & Mutations

You regenerate magic rapidly.


Message History

Xom is highly amused!
The adder is lightly wounded.
The adder barely misses you.
You miss the adder.
The adder is lightly wounded.
The adder bites you.
You hit the adder but do no damage.
The adder seems to speed up.
The adder is lightly wounded.
The worm looks more healthy.
The adder bites you but does no damage.
The frilled lizard hisses.
The adder bites you.
You barely miss the adder.
The adder is lightly wounded.
The adder bites you. x2
You are too injured to fight recklessly!
You are too injured to fight recklessly!
The adder barely misses you. The kobold closely misses you.
The adder barely misses you. The kobold closely misses you.
The adder closely misses you. The adder misses you.
The adder barely misses you. The kobold hits you but does no damage.
You see here a hobgoblin corpse.
The adder barely misses you. The adder barely misses you.
The adder barely misses you. The adder bites you but does no damage.
The adder bites you. The adder closely misses you.
The adder closely misses you. The adder bites you. The adder bites you.
* * * LOW HITPOINT WARNING * * *
You are lethally poisoned!
The adder poisons you!
It was a potion of cancellation.
You feel magically purged.
Xom thinks this is hilarious!
* * * LOW HITPOINT WARNING * * *
You feel sick. The adder bites you but does no damage. The adder bites you.
You die...
Xom chuckles heartily!

.## #.# #.# #.#
. #.###.# #†# #.
#..##.####.# #<
#..##...##.# #.
#..####.##.#
#..####.##.#
#..........#
##.####.#### #.
#@# #.# .
####### #S# #.#
. .....# #S# #.#
#. #.w#####K#
#.#
##.####.gr.K.r.#
#.#
.......l†#######
#.# ##.###.##..#
#.# .......l...#
#.##.#.##.!#


You could see 2 adders, a kobold and a rat.

Vanquished Creatures
  2 dart slugs
  4 endoplasms (D:1)
  A giant cockroach (D:2)
  3 goblins (D:1)
  3 hobgoblins
  A quokka (D:1)
  2 ball pythons (D:1)
  4 bats
  2 frilled lizards
  6 kobolds (D:1)
  5 rats (D:1)
33 creatures vanquished.

Notes
Turn   | Place    | Note
-------+----------+-------------------------------------------
     0 | D:1      | oldriver the Demonspawn Chaos Knight began the quest for
                  | the Orb.
     0 | D:1      | Reached XP level 1. HP: 18/18 MP: 1/1
    43 | D:1      | Reached skill level 1 in Dodging
   134 | D:1      | Gained mutation: You regenerate magic rapidly. [demonic
                  | ancestry]
   134 | D:1      | Reached XP level 2. HP: 20/24 MP: 2/2
   460 | D:1      | Reached XP level 3. HP: 27/30 MP: 3/3
   506 | D:1      | XOM: silly message
   519 | D:1      | XOM: divination: magic mapping
   845 | D:2      | Slain by an adder

Illustrated notes

Levels and vault maps discovered:
D:1:      dpeg_arrival_castle, layout_rooms, chequers_avenue
D:2:      layout_loops_ring, minmay_diced_spiral

Skill      XL: |  1  2 |
---------------+-------+-----
Dodging        | 1 |  1.5
Polearms       | 3 |  3.0
Fighting       | |  3.8
Armour         | |  1.7

Action                   || total
-------------------------++-------
Melee: Spear             ||    99
  Use: Potion            ||     1
Armor: Leather armour    ||     5
       Ring mail         ||    20
Dodge: Dodged            ||    40

Table legend: (Time is in decaauts)
 A = Elapsed time spent in this place.
 B = Non-inter-level travel time spent in this place.
 C = Inter-level travel time spent in this place.
 D = Time resting spent in this place.
 E = Time spent auto-exploring this place.
 F = Levels seen in this place.
 G = Mean time per level.
                   A        B        C        D        E       F      G
               +--------+--------+--------+--------+--------+-----+--------+
         Total |    845 |    831 |     14 |      0 |    613 |   2 |  422.5 |
       Dungeon |    845 |    831 |     14 |      0 |    613 |   2 |  422.5 |
               +--------+--------+--------+--------+--------+-----+--------+

Top non-repeatable levels by time:
     D:1: 651 daAuts
     D:2: 194 daAuts
